 Dungeon Crawl Stone Soup version 0.31-a0-229-g1fc7ce93e2 (webtiles) character file.

Game seed: 3945311434849393442

476 innerfire43 the Chopper (level 6, 0/49 HPs)
             Began as a Demonspawn Monk on July 6, 2023.
             Slain by a quasit (1 damage)
             ... summoned by Eustachio
             ... on level 4 of the Dungeon.
             The game lasted 00:03:44 (3286 turns).

innerfire43 the Chopper (Demonspawn Monk)           Turns: 3286, Time: 00:03:45

Health: 0/49       AC:  2    Str: 13    XL:     6   Next: 85%
Magic:  6/6        EV: 14    Int: 11    God:
Gold:   219        SH:  0    Dex: 16    Spells: 5/5 levels left

rFire   . . .        a - +0 hand axe
rCold   . . .        d - orb {light}
rNeg    . . .        b - +0 robe
rPois   .            (no helmet)
rElec   .            (no cloak)
rCorr   .            (no gloves)
SInv    +            (no boots)
Will    .....        (no amulet)
Stlth   +            g - ring of see invisible
HPRegen 0.28/turn    (no ring)
MPRegen 0.10/turn

%: no passive effects
@: glowing
A: demonic guardian 1
a: no special abilities


You were on level 4 of the Dungeon.
You visited 1 branch of the dungeon, and saw 4 of its levels.

You collected 219 gold pieces.

Inventory:

Hand Weapons
 a - a +0 hand axe (weapon)
Armour
 b - a +0 robe (worn)
 d - an orb of light (worn)
 f - a +0 ring mail
Jewellery
 g - a ring of see invisible (left hand)
 j - a ring of wizardry
Scrolls
 e - 2 scrolls of blinking
 i - a scroll of revelation
 l - a scroll of identify
 m - 2 scrolls of teleportation
 o - a scroll of enchant armour {unknown}
Potions
 h - a potion of resistance {unknown}
 k - a potion of enlightenment {unknown}
 n - a potion of invisibility {unknown}


   Skills:
 + Level 4.6 Fighting
 * Level 5.4 Axes
 + Level 4.2 Dodging


You had 5 spell levels left.
You didn't know any spells.
Your spell library was empty.

Dungeon Overview and Level Annotations

Branches:
Dungeon (4/15)
 Temple: D:4-7

Altars:
Gozag
Hepliaklqana
Wu Jian

Annotations:
D:4 Eustachio


Innate Abilities, Weirdness & Mutations

A weak demonic guardian rushes to your aid.


Message History

The white imp gestures at you. The puff of frost hits you.
You hit the quasit but do no damage. You barely miss Eustachio.
You hit the rat.
You kill the rat!
The rat's corpse disappears in a puff of smoke!
You closely miss the white imp. You barely miss the ufetubus.
You feel less invigorated.
You feel less confused. The ufetubus hits you. The ufetubus misses you.
Eustachio gestures wildly while chanting.
Eustachio blinks!
The quasit bites you. The quasit barely misses you.
The quasit claws you but does no damage.
The ufetubus hits you. The ufetubus misses you. The white imp gestures at you.
The puff of frost hits you.
* * * LOW HITPOINT WARNING * * *
You hit the quasit.
The quasit is lightly wounded.
You barely miss the white imp. You hit the ufetubus but do no damage.
You hit the river rat. The quasit barely misses you. The quasit claws you.
* * * LOW HITPOINT WARNING * * *
The quasit barely misses you. The ufetubus closely misses you.
The ufetubus barely misses you. The quasit misses you.
The quasit barely misses you. The quasit closely misses you.
The river rat bites you.
* * * LOW HITPOINT WARNING * * *
The white imp hits you.
* * * LOW HITPOINT WARNING * * *
A demonic guardian appears!
The white imp freezes you.
* * * LOW HITPOINT WARNING * * *
You hit the river rat but do no damage.
The river rat is moderately wounded.
You hit the quasit but do no damage. You hit the white imp.
You closely miss the ufetubus.
The ufetubus hits you but does no damage.
The ufetubus misses you. The quasit bites you.
* * * LOW HITPOINT WARNING * * *
The quasit closely misses you. The quasit claws you.
You die...

#..........#
##..##.#####.#
#..........#
#..##...###..
##.........##
#.....#...##.
##......#...#
##?..#####..##
##########..
#...#.## #...# #.
..# ...####.#.# #.
##.# #..........
#5##5b#
#.###..≈≈≈≈
#.5@r## #.#
#..≈...
#.5..#####.#
##...##
###........##
#.≈.#.
##...##...###.≈.#.
###.###......≈.#.
#.###.####.≈.#.
#........#.≈...
##.......#.≈≈≈≈
##...........†


You could see a quasit (summoned), a river rat (summoned), a white imp
(summoned, ally target), an ufetubus (summoned), a bat (summoned) and a friendly
white imp (summoned).

Vanquished Creatures
  A centaur (D:4)
  Natasha (twice) (D:3)
  4 adders
  An ufetubus (D:2)
  A worm (D:2)
  3 orcs
  5 endoplasms
  2 giant cockroaches (D:1)
  7 goblins
  2 hobgoblins (D:2)
  3 jackals (D:1)
  4 kobolds
  2 quokkas
  2 ball pythons
  4 bats
  3 frilled lizards
  3 rats
49 creatures vanquished.

Vanquished Creatures (collateral kills)
  Sigmund (D:3)
  A hound (D:4)
  Natasha (D:3)
  Terence (D:3)
  3 worms
  A kobold (D:1)
8 creatures vanquished.

Grand Total: 57 creatures vanquished

Notes
Turn   | Place    | Note
-------+----------+-------------------------------------------
     0 | D:1      | innerfire43 the Demonspawn Monk began the quest for the
                  | Orb.
     0 | D:1      | Reached XP level 1. HP: 18/18 MP: 1/1
   212 | D:1      | Reached skill level 3 in Axes
   257 | D:1      | Gained mutation: A weak demonic guardian rushes to your
                  | aid. [demonic ancestry]
   257 | D:1      | Reached XP level 2. HP: 18/24 MP: 2/2
   606 | D:2      | Reached XP level 3. HP: 26/29 MP: 3/3
  1612 | D:3      | Noticed Terence
  1631 | D:3      | Killed Terence
  1632 | D:3      | Reached XP level 4. HP: 4/36 MP: 4/4
  1997 | D:3      | Reached skill level 4 in Axes
  2037 | D:3      | Noticed Sigmund
  2052 | D:3      | Killed Sigmund
  2053 | D:3      | Reached XP level 5. HP: 28/42 MP: 5/5
  2053 | D:3      | Reached XP level 6. HP: 32/48 MP: 6/6
  2067 | D:3      | Noticed Natasha
  2080 | D:3      | Killed Natasha
  2361 | D:3      | Found a hazy altar of Hepliaklqana.
  2364 | D:3      | Found an opulent altar of Gozag.
  2380 | D:3      | Found an ornate altar of the Wu Jian Council.
  2453 | D:3      | Noticed Natasha
  2481 | D:3      | HP: 1/48 [Natasha (4)]
  2483 | D:3      | Killed Natasha
  2620 | D:3      | Noticed Natasha
  2631 | D:3      | Killed Natasha
  2632 | D:3      | Reached skill level 5 in Axes
  3255 | D:4      | Noticed Eustachio
  3286 | D:4      | HP: 1/49 [quasit[Eustachio] (2)]
  3286 | D:4      | Slain by a quasit

Illustrated notes

Levels and vault maps discovered:
D:1:      amcnicky_arrival_wind_blow, layout_rooms, minmay_small_reverse_x
D:2:      layout_basic, chequers_serial_rivers_large_b, minmay_pentomino_t2
D:3:      layout_rooms, minmay_overflow_temple_star_hex, gup_sewer_entry_bowl,
          kennysheep_generic_room_9, uniq_natasha, uniq_sigmund, uniq_terence
D:4:      layout_rooms, mainiacjoe_overflow_brackets, uniq_eustachio

Skill      XL: |  1  2  3  4  5  6 |
---------------+-------------------+-----
Axes           | 3 4 5 |  5.4
Dodging        | 3 4 |  4.2
Fighting       | 4 |  4.6

Action                     |  1- 3 |  4- 6 || total
---------------------------+-------+-------++-------
  Melee: Hand axe          |   116 |   138 ||   254
    Use: Scroll            |     5 |       ||     5
         Potion            |     1 |     2 ||     3
 Armour: Robe              |    14 |    24 ||    38
  Dodge: Dodged            |    84 |   133 ||   217

Table legend: (Time is in decaauts)
 A = Elapsed time spent in this place.
 B = Non-inter-level travel time spent in this place.
 C = Inter-level travel time spent in this place.
 D = Time resting spent in this place.
 E = Time spent auto-exploring this place.
 F = Levels seen in this place.
 G = Mean time per level.
                   A        B        C        D        E       F      G
               +--------+--------+--------+--------+--------+-----+--------+
         Total |   3363 |   3314 |     49 |      0 |   2791 |   4 |  840.8 |
       Dungeon |   3363 |   3314 |     49 |      0 |   2791 |   4 |  840.8 |
               +--------+--------+--------+--------+--------+-----+--------+

Top non-repeatable levels by time:
     D:3: 1182 daAuts
     D:2: 1103 daAuts
     D:1: 553 daAuts
     D:4: 523 daAuts
